 Dungeon Sprint DCSS version 0.29-a0-837-g174bc33265 (webtiles) character file.

Game seed: 7522733467326118406

1204 27snakeeyes612 the Basher (level 8, -2/86 HPs)
             Began as a Minotaur Berserker on July 13, 2022.
             Was a High Priest of Trog.
             Killed from afar by a deep elf pyromancer (41 damage)
             ... with a bolt of fire
             ... in the Dungeon (Sprint IX: "|||||||||||||||||||||||||||||").
             The game lasted 00:00:30 (275 turns).

27snakeeyes612 the Basher (Minotaur Berserker)       Turns: 275, Time: 00:00:31

Health: -2/86      AC: 13    Str: 27    XL:     8   Next: 21%
Magic:  7/7        EV: 11    Int:  4    God:    Trog [*****.]
Gold:   0          SH:  0    Dex: 13    Spells: 7/7 levels left

rFire   . . .      SeeInvis .   a - +0 mace
rCold   . . .      Faith    .   (no shield)
rNeg    . . .      Spirit   .   m - +1 chain mail
rPois   .          Reflect  .   (helmet restricted)
rElec   .          Harm     .   (no cloak)
rCorr   .          Rampage  .   (no gloves)
Will    .....      NoTele   +   n - +0 pair of boots
Stlth   ..........              (no amulet)
HPRegen 0.24/turn               k - +3 ring of strength
MPRegen 0.10/turn               l - +3 ring of dexterity

@: on berserk cooldown, slowed, very slow
A: horns 2, retaliatory headbutt
a: Renounce Religion, Berserk, Trog's Hand, Brothers in Arms


You were in the Dungeon.
You worshipped Trog.
Trog was extremely pleased with you.
You visited 1 branch

Inventory:

Hand Weapons
 a - a +0 mace (weapon)
Armour
 b - a +0 animal skin
 m - a +1 chain mail (worn)
 n - a +0 pair of boots (worn)
Jewellery
 k - a +3 ring of strength (left hand)
 l - a +3 ring of dexterity (right hand)
Wands
 j - a wand of light (10)
Scrolls
 h - 2 scrolls of blinking
Potions
 c - 5 potions of curing
 d - 3 potions of heal wounds
 e - a potion of haste
 f - 4 potions of magic
 g - a potion of berserk rage
 i - a potion of invisibility


   Skills:
 + Level 13.2 Fighting
 + Level 14.5 Maces & Flails
 + Level 7.5 Armour
 + Level 7.0 Dodging


You had 7 spell levels left.
You didn't know any spells.
Your spell library was empty.

Dungeon Overview and Level Annotations

Branches:
Dungeon (1/1)

Altars:
Cheibriados
Dithmenos
Elyvilon
Fedhas
Gozag
Hepliaklqana
Kikubaaqudgha
Makhleb
Nemelex Xobeh
Okawaru
Qazlal
Ru
Sif Muna
Trog
Uskayaw
Vehumet
Wu Jian
Xom
Yredelemnul
Zin
The Shining One
Jiyva
Lugonu


Innate Abilities, Weirdness & Mutations

You have a pair of horns on your head.
You reflexively headbutt those who attack you in melee.


Message History

You hit something. You headbutt something! Something hits you.
You hit something. Something hits you but does no damage.
You sock something! Trog accepts your kill.
Trog will now gift you melee weapons as you gain piety.
Trog appreciates your killing of a magic user.
Reactivating autopickup.
You feel a bit more experienced.
Things that are here:
a +0 dagger; a +0 robe of positive energy You open the door.
A deep elf pyromancer, a cyclops, a troll, 2 howler monkeys and a tengu warrior come into view.
You feel the effects of Trog's Hand fading.
The deep elf pyromancer shouts!
The troll shouts!
The howler monkey howls! x2
The deep elf pyromancer casts a spell at you.
The sticky flame hits you.
You are covered in liquid flames!
You sock the deep elf pyromancer! You headbutt the deep elf pyromancer.
The deep elf pyromancer is heavily wounded.
You are covered in liquid flames!
The deep elf pyromancer hits you with a +0 dagger.
You closely miss the deep elf pyromancer.
The deep elf pyromancer is heavily wounded.
You are covered in liquid flames!
The deep elf pyromancer hits you but does no damage.
You closely miss the deep elf pyromancer.
You headbutt the deep elf pyromancer, but do no damage.
The deep elf pyromancer is heavily wounded.
The deep elf pyromancer closely misses you.
You hit the deep elf pyromancer but do no damage.
Your headbutt misses the deep elf pyromancer.
The deep elf pyromancer is heavily wounded.
Your skin stops crawling.
You feel less strong-willed.
The howler monkey hoots and howls with incredible vigour!
The deep elf pyromancer hits you but does no damage.
You hit the deep elf pyromancer but do no damage.
The deep elf pyromancer is heavily wounded.
The deep elf pyromancer gestures at you while chanting.
The bolt of fire hits you!!!
You die... ▓▓▓▓▓▓▓▓▓▓▓▓▓▓▓▓▓▓▓▓▓▓▓▓ '.?).[....')))).@eCTQhh. ▓▓▓▓▓▓▓▓▓▓▓▓▓▓▓▓▓▓▓▓▓▓▓▓

You could see a tengu warrior, a cyclops, a deep elf pyromancer, a troll and 2 howler monkeys.

Vanquished Creatures
  A two-headed ogre (D)
  A troll (D)
  A wraith (D)
  An orc warrior (D)
  A centaur (D)
  A hound (D)
  An orc wizard (D)
  An adder (D)
  An ufetubus (D)
  2 dart slugs (D)
  An orc (D)
  2 bats (D)
  A giant cockroach (D)
  A jackal (D)
16 creatures vanquished.

Notes
Turn   | Place    | Note
-------+----------+-------------------------------------------
     0 | D        | 27snakeeyes612 the Minotaur Berserker began the quest for
                  | the Orb.
     0 | D        | Reached XP level 1. HP: 19/19 MP: 0/0
     7 | D        | Reached skill level 4 in Maces & Flails
    12 | D        | Reached ** piety under Trog
    14 | D        | Reached XP level 2. HP: 22/28 MP: 1/1
    83 | D        | Reached skill level 5 in Fighting
    83 | D        | Reached skill level 5 in Maces & Flails
    84 | D        | Reached *** piety under Trog
    90 | D        | Reached skill level 6 in Maces & Flails
    90 | D        | Reached XP level 3. HP: 29/38 MP: 2/2
   168 | D        | Found a snail-covered altar of Cheibriados.
   168 | D        | Found a shadowy altar of Dithmenos.
   168 | D        | Found a white marble altar of Elyvilon.
   168 | D        | Found a blossoming altar of Fedhas.
   168 | D        | Found an opulent altar of Gozag.
   169 | D        | Found a hazy altar of Hepliaklqana.
   170 | D        | Found a viscous altar of Jiyva.
   171 | D        | Found an ancient bone altar of Kikubaaqudgha.
   172 | D        | Found a corrupted altar of Lugonu.
   173 | D        | Found a burning altar of Makhleb.
   174 | D        | Found a sparkling altar of Nemelex Xobeh.
   175 | D        | Found an iron altar of Okawaru.
   176 | D        | Found a stormy altar of Qazlal.
   177 | D        | Found a sacrificial altar of Ru.
   178 | D        | Found a shimmering blue altar of Sif Muna.
   179 | D        | Found a bloodstained altar of Trog.
   180 | D        | Found a hide-covered altar of Uskayaw.
   181 | D        | Found a radiant altar of Vehumet.
   182 | D        | Found an ornate altar of the Wu Jian Council.
   183 | D        | Found a shimmering altar of Xom.
   184 | D        | Found a basalt altar of Yredelemnul.
   185 | D        | Found a glowing silver altar of Zin.
   186 | D        | Found a glowing golden altar of the Shining One.
   235 | D        | Noticed a centaur
   235 | D        | Noticed a two-headed ogre
   235 | D        | Noticed a troll
   235 | D        | Noticed a wraith
   235 | D        | Noticed an orc warrior
   242 | D        | Killed a centaur
   243 | D        | Reached skill level 8 in Maces & Flails
   243 | D        | Reached XP level 4. HP: 48/48 MP: 3/3
   247 | D        | Killed a two-headed ogre
   247 | D        | Reached **** piety under Trog
   248 | D        | Reached skill level 13 in Maces & Flails
   248 | D        | Reached XP level 5. HP: 62/62 MP: 4/4
   248 | D        | Reached XP level 6. HP: 70/70 MP: 5/5
   248 | D        | Reached XP level 7. HP: 77/77 MP: 6/6
   254 | D        | Killed a troll
   257 | D        | Killed a wraith
   258 | D        | Reached skill level 14 in Maces & Flails
   258 | D        | Reached XP level 8. HP: 71/85 MP: 7/7
   266 | D        | Reached ***** piety under Trog
   270 | D        | Noticed a deep elf pyromancer
   270 | D        | Noticed a cyclops
   270 | D        | Noticed a troll
   270 | D        | Noticed a tengu warrior
   275 | D        | Killed from afar by a deep elf pyromancer

Illustrated notes

Levels and vault maps discovered:
D:        linesprint [early_d, line_temple, items_1, d_10, items_2, lair_1,
          lair_end, items_3, orc_1, orc_end, items_4, d_15, swamp_1, shoals_1,
          snake_1, spider_1, d_20, vaults_1, items_5, swamp_end, shoals_end,
          snake_end, spider_end, vaults_end, d_27, items_6, zot_1, zot_end,
          crypt_end, forest_end, elf_end, slime_end, tomb_end, abyss_end,
          pan_hell_end]

Skill      XL: |  1  2  3  4  5  6  7  8 |
---------------+-------------------------+-----
Fighting       | 4 6 8 12 13 | 13.2
Maces & Flails | 4 6 8 13 14 | 14.5
Armour         | 3 4 6 7 |  7.5
Dodging        | 3 4 6 7 |  7.0

Action                   |  1- 3 |  4- 6 |  7- 9 || total
-------------------------+-------+-------+-------++-------
Melee: Mace              |    26 |     4 |    22 ||    52
       Headbutt          |     8 |     2 |     6 ||    16
       Punch             |       |       |     1 ||     1
Invok: Berserk           |     1 |       |       ||     1
       Trog's Hand       |     1 |       |       ||     1
Armor: Animal skin       |     7 |       |       ||     7
       Chain mail        |     7 |     1 |     6 ||    14
Dodge: Dodged            |    18 |     2 |     3 ||    23

Table legend: (Time is in decaauts)
 A = Elapsed time spent in this place.
 B = Non-inter-level travel time spent in this place.
 C = Inter-level travel time spent in this place.
 D = Time resting spent in this place.
 E = Time spent auto-exploring this place.
 F = Levels seen in this place.
 G = Mean time per level.
                   A        B        C        D        E       F      G
               +--------+--------+--------+--------+--------+-----+--------+
         Total |    268 |    268 |      0 |      0 |    161 |   1 |  268.0 |
       Dungeon |    268 |    268 |      0 |      0 |    161 |   1 |  268.0 |
               +--------+--------+--------+--------+--------+-----+--------+

Top non-repeatable levels by time:
       D: 268 daAuts
